 Dungeon Crawl Stone Soup version 0.25-a0-577-ga4619f4 (webtiles) character file.

Game seed: 10498044347471463324, levelgen mode: deterministic

157 15 the Shooter (level 5, 41/45 HPs)
             Began as a Centaur Hunter on Mar 2, 2020.
             Quit the game on level 3 of the Dungeon.
             The game lasted 00:07:19 (2301 turns).

15 the Shooter (Centaur Hunter)                     Turns: 2301, Time: 00:07:20

Health: 41/45      AC:  4    Str: 14    XL:     5   Next: 15%
Magic:  5/5        EV:  9    Int: 10    God:
Gold:   106        SH:  0    Dex: 11    Spells: 4/4 levels left

rFire    . . .     SeeInvis .   h - +4 dagger
rCold    . . .     Gourm    .   (no shield)
rNeg     . . .     Faith    .   c - +0 leather armour
rPois    .         Spirit   .   (no helmet)
rElec    .         Reflect  .   (no cloak)
rCorr    .         Harm     .   (no gloves)
MR       .....                  (no barding)
Stlth    +.........             (no amulet)
HPRegen  0.15/turn              l - +6 ring of slaying
MPRegen  0.09/turn              (no ring)

@: very quick
A: large, hooves 3, deformed body, speed 2, tough skin 3
a: no special abilities


You were on level 3 of the Dungeon.
You were hungry.

You visited 1 branch of the dungeon, and saw 3 of its levels.

You collected 106 gold pieces.

Inventory:

Hand Weapons
 a - a +1 shortbow
 b - a +0 short sword
 h - a +4 dagger (weapon)
Missiles
 d - 12 arrows
 q - 19 bolts
Armour
 c - a +0 leather armour (worn)
 k - a +2 buckler
Jewellery
 l - a +6 ring of slaying (left hand)
Wands
 g - a wand of scattershot (6)
Scrolls
 i - a scroll of enchant weapon {unknown}
 m - a scroll of amnesia {unknown}
 n - a scroll of remove curse
 p - a scroll of enchant armour {unknown}
Potions
 e - a potion of curing
 j - 2 potions of haste
 o - a potion of stabbing
Comestibles
 f - 5 rations
 r - a chunk of flesh


   Skills:
 * Level 3.2 Fighting
 + Level 0.3 Short Blades
 * Level 6.7 Bows
 * Level 1.3 Armour
 * Level 1.9 Dodging
 + Level 0.4 Stealth


You had 4 spell levels left.
You didn't know any spells.
Your spell library was empty.

Dungeon Overview and Level Annotations

Branches:
Dungeon (3/15)

Altars:
Gozag
Kikubaaqudgha

Annotations:
D:3 2 transporters, wampuh's ghost, amateur KoGl


Innate Abilities, Weirdness & Mutations

You have hooves in place of feet.
Armour fits poorly on your strangely shaped body.
You cover ground very quickly.
You have extremely tough skin. (AC +3)


Message History

The gnoll is almost dead.
The gnoll hits you with a +0 spear.
You puncture the gnoll!
You kill the gnoll!
No target in view!
g - a wand of scattershot (6)
Found a stone staircase leading down.
A rat comes into view.
You see here a ration.
A rat is nearby!
f - 5 rations (gained 1)
You closely miss the rat. The rat closely misses you.
You hit the rat.
You kill the rat!
No target in view!
You see here a rat corpse.
You butcher the rat corpse.
r - a chunk of flesh You see here a rat skeleton.
Are you sure you want to abandon this character and quit the game? (Confirm with "yes".)

.. .....# ..
....... #.
#.#.....#
####.##.......#
#.............#
#.............#
#.............#
#....@.....>..#
#.............#
#######.......#
#.......#
#..###.##
####..###.#
##.......#.#
##....).....#
#...........###..


There were no monsters in sight!

Vanquished Creatures
  4 gnolls
  4 adders
  An ooze (D:3)
  4 worms
  2 dart slugs
  A leopard gecko (D:1)
  8 bats
  2 giant cockroaches
  10 goblins
  11 hobgoblins
  3 jackals (D:2)
  5 kobolds
  A ball python (D:3)
  A frilled lizard (D:1)
  4 rats
61 creatures vanquished.

Notes
Turn   | Place    | Note
-------+----------+-------------------------------------------
     0 | D:1      | 15 the Centaur Hunter began the quest for the Orb.
     0 | D:1      | Reached XP level 1. HP: 17/17 MP: 1/1
   118 | D:1      | Reached XP level 2. HP: 24/24 MP: 2/2
   279 | D:1      | Reached skill level 6 in Bows
   502 | D:1      | Reached XP level 3. HP: 25/29 MP: 3/3
  1215 | D:2      | Found an opulent altar of Gozag.
  1247 | D:2      | Reached XP level 4. HP: 36/37 MP: 4/4
  1682 | D:3      | Found a transporter.
  1683 | D:3      | Found a transporter.
  1695 | D:3      | Noticed wampuh's ghost (amateur KoGl)
  1818 | D:2      | Reached skill level 1 in Armour
  1903 | D:3      | Found an ancient bone altar of Kikubaaqudgha.
  2142 | D:2      | Reached XP level 5. HP: 27/45 MP: 5/5
  2301 | D:3      | Quit the game

Levels and vault maps discovered:
D:1:      dpeg_arrival_yet_another_circle, layout_loops_cross, st_stairs_7,
          minmay_misc_feat_secret_circle, minmay_pentomino_v2
D:2:      layout_rooms, lemuel_crystal_altar, serial_bayou_pond_b,
          ebering_dispersal_statue_hall
D:3:      layout_rooms, first_ration, serial_corexii_hall,
          corexii_hall_statues_i, corexii_hall_statues_deadend,
          chequers_hall_statues_wall_a, chequers_hall_statues_y,
          gammafunk_ghost_gnarly_gnolls, chequers_ecumenical_altar_simple,
          tgw_kikubaaqudgha

Skill      XL: |  1  2  3  4 |
---------------+-------------+-----
Bows           | 6 |  6.7
Armour         | 1 |  1.3
Fighting       | 3 |  3.2
Short Blades   | |  0.3
Dodging        | |  1.9
Stealth        | |  0.4

Action                   |  1- 3 |  4- 6 || total
-------------------------+-------+-------++-------
Melee: Dagger            |    46 |    35 ||    81
       Kick              |     9 |    10 ||    19
 Fire: Shortbow          |    56 |     7 ||    63
  Use: Scroll            |     4 |     2 ||     6
  Eat: Chunk             |       |     2 ||     2
Armor: Leather armour    |    31 |    12 ||    43
Dodge: Dodged            |    36 |    18 ||    54

Table legend:
 A = Non-vault XP
 B = Vault XP
 C = Vault XP percentage of total XP
 D = Non-vault monster count
 E = Vault monster count
 F = Vault count percentage of total count
                 A         B        C        D         E       F
            +---------+---------+-------+---------+---------+-------
      Total |     202 |      23 |  10.2 |      55 |       6 |   9.8
            +---------+---------+-------+---------+---------+-------
        D:1 |      45 |      19 |  29.7 |      24 |       4 |  14.3
        D:2 |     105 |       4 |   3.7 |      22 |       2 |   8.3
        D:3 |      52 |       0 |   0.0 |       9 |       0 |   0.0
            +---------+---------+-------+---------+---------+-------
